[Event "ICCopen2017"]
[Site "Internet Chess Club"]
[Date "2017.03.26"]
[Round "7"]
[White "EddieBarber"]
[Black "tolialuisan"]
[Result "1-0"]
[ICCResult "Black forfeits on time"]
[WhiteElo "1850"]
[BlackElo "1503"]
[Opening "Ruy Lopez: Schliemann defense deferred"]
[ECO "C70"]
[NIC "RL.09"]
[Time "20:17:48"]
[TimeControl "180+0"]

1. e4 e5 2. Nf3 Nc6 3. Bb5 a6 4. Ba4 f5 5. d3 Nf6 6. O-O Be7 7. Qe2 d6 8.
Bxc6+ bxc6 9. Nbd2 O-O 10. c3 h6 11. d4 f4 12. dxe5 dxe5 13. Nxe5 Qd6 14.
Ndc4 Qe6 15. Bxf4 Bd6 16. Nxd6 cxd6 17. Ng6 Rf7 18. e5 Nd5 19. Qe4 Nxf4 20.
Nxf4 Qg4 21. e6 Rxf4 22. Qxc6 Rb8 23. Qc7 Bxe6 24. Qxb8+ Rf8 25. Qxd6 Rf6
26. Qg3 Qh5 27. Rfe1 Rg6 28. Qb8+ Kh7 29. Qe5 Qh4 30. Qxe6 Rxe6 31. Rxe6 Qg5
32. Rae1 Qd2 33. R6e2 Qd5 34. a3 Qb3 35. h3 a5 36. Rc1 {Black forfeits on
time} 1-0

[Event "ICCopen2017"]
[Site "Internet Chess Club"]
[Date "2017.03.26"]
[Round "7"]
[White "PawnderingMate"]
[Black "fairplay"]
[Result "1/2-1/2"]
[ICCResult "Black ran out of time and White has no material to mate"]
[WhiteElo "1281"]
[BlackElo "1266"]
[Opening "French: Tarrasch"]
[ECO "C03"]
[NIC "FR.07"]
[Time "20:17:44"]
[TimeControl "180+0"]

1. e4 e6 2. d4 d5 3. Nd2 dxe4 4. Nxe4 Nf6 5. Bd3 Be7 6. Ne2 Nxe4 7. Bxe4 f5
8. Bf3 O-O 9. O-O Nc6 10. Bxc6 bxc6 11. Be3 Bd7 12. g3 Bf6 13. c3 Qe7 14.
Qc2 Rab8 15. b3 a6 16. Rac1 g5 17. Rfe1 f4 18. gxf4 gxf4 19. Bxf4 Bg5 20.
Bxg5 Qxg5+ 21. Ng3 Rf3 22. Qe4 Rbf8 23. Re2 Qxc1+ 24. Kg2 Qg5 25. h4 Qg6 26.
h5 Qxe4 27. Rxe4 Rxf2+ 28. Kh3 Rxa2 29. h6 e5+ 30. Kh4 Rh2+ 31. Kg5 Rg2 32.
Kh4 Rf4+ 33. Rxf4 exf4 34. Ne4 Rh2+ 35. Kg5 Kf7 36. Kxf4 Rh4+ 37. Ke5 Rxh6
38. Ng5+ Kg6 39. Nf3 Kg7 40. Ke4 Re6+ 41. Kd3 Kf6 42. c4 Kf5 43. Ne5 Be8 44.
Nf3 Kf4 45. Nh4 Re3+ 46. Kc2 Bd7 47. Ng2+ Kf3 48. Nxe3 Kxe3 49. Kd1 Kf2 50.
Kd2 h6 51. b4 h5 52. b5 axb5 53. cxb5 cxb5 54. d5 h4 55. d6 cxd6 56. Kc3 h3
57. Kd4 h2 58. Kd5 h1=Q+ 59. Kxd6 Qh7 60. Kc5 Ke3 61. Kd6 Qf7 62. Ke5 Kf3
63. Kd6 Qe6+ 64. Kc7 {Black ran out of time and White has no material to
mate} 1/2-1/2

[Event "ICCopen2017"]
[Site "Internet Chess Club"]
[Date "2017.03.26"]
[Round "7"]
[White "uggi"]
[Black "Magagna"]
[Result "1-0"]
[ICCResult "Black resigns"]
[WhiteElo "1940"]
[BlackElo "1701"]
[Opening "Nimzo-Indian: three knights variation"]
[ECO "E21"]
[NIC "NI.28"]
[Time "20:18:01"]
[TimeControl "180+0"]

1. d4 Nf6 2. c4 e6 3. Nc3 Bb4 4. Nf3 c5 5. Bg5 O-O 6. e3 b6 7. Rc1 Nc6 8.
Bd3 Bb7 9. O-O Bxc3 10. Rxc3 d6 11. a3 e5 12. d5 Ne7 13. Bxf6 gxf6 14. Nd2
Kh8 15. Qc2 Ng6 16. f4 Bc8 17. Nf3 exf4 18. exf4 Nxf4 19. Bxh7 Bg4 20. Re3
Re8 21. Rfe1 Rxe3 22. Rxe3 f5 23. Bxf5 Bxf3 24. Rxf3 Qg5 25. g3 Ng6 26. Bxg6
fxg6 27. Qf2 Re8 28. Kg2 Qe7 29. Rf7 Qe4+ 30. Kh3 Qe5 31. Qf6+ Qxf6 32. Rxf6
Kg7 33. Rxd6 Re2 34. Rd7+ Kf6 35. Rxa7 Rxb2 36. d6 Ke6 37. d7 Rd2 38. Kg4
Rxd7 39. Rxd7 Kxd7 40. a4 Ke6 41. Kf4 g5+ 42. Kxg5 Ke5 43. h4 Kd4 44. h5
Kxc4 45. h6 Kb4 46. h7 c4 47. h8=Q Kxa4 48. Qc3 b5 49. Kf4 b4 50. Qxc4 Ka3
51. Qa6+ Kb2 52. Ke3 b3 53. Kd3 Kc1 54. Qc4+ Kd1 55. Qxb3+ {Black resigns}
1-0

[Event "ICCopen2017"]
[Site "Internet Chess Club"]
[Date "2017.03.26"]
[Round "7"]
[White "octavia"]
[Black "Heinichess"]
[Result "0-1"]
[ICCResult "White resigns"]
[WhiteElo "2211"]
[BlackElo "1892"]
[Opening "English opening"]
[ECO "A22"]
[NIC "EO.09"]
[Time "20:17:43"]
[TimeControl "180+0"]

1. c4 e5 2. Nc3 Nf6 3. Nf3 Bb4 4. Nxe5 O-O 5. g3 d5 6. cxd5 Re8 7. Nf3 Bg4
8. Bg2 Nxd5 9. O-O Nc6 10. Qb3 Nb6 11. d3 Bxc3 12. bxc3 Rxe2 13. d4 Qf6 14.
Ng5 Rae8 15. Be3 h6 16. Ne4 Qg6 17. Nc5 Qh5 18. Nxb7 Bf3 19. Rae1 Rxe1 20.
Rxe1 Nd5 21. Qb5 Bxg2 22. Kxg2 Nxe3+ 23. Rxe3 Qxb5 24. Rxe8+ Kh7 25. Nc5
Nxd4 26. Re5 Ne6 27. Nd3 Qc6+ 28. Kg1 Qxc3 29. Re3 Qa1+ 30. Kg2 Qxa2 31. Ne5
Qd5+ 32. Kg1 Nd4 33. h4 c5 34. Nd3 Nf3+ 35. Kf1 Nd2+ 36. Ke2 Nc4 37. Nf4
Nxe3 38. Nxd5 Nxd5 {White resigns} 0-1

[Event "ICCopen2017"]
[Site "Internet Chess Club"]
[Date "2017.03.26"]
[Round "7"]
[White "Morad-Magdy"]
[Black "chigato"]
[Result "1-0"]
[ICCResult "Black forfeits on time"]
[WhiteElo "2017"]
[BlackElo "1674"]
[Opening "Queen's pawn"]
[ECO "A40"]
[NIC "QO.17"]
[Time "20:18:00"]
[TimeControl "180+0"]

1. d4 c6 2. c3 d5 3. Nf3 Be6 4. e3 Qd7 5. Ne5 Qc8 6. Bd3 f6 7. Qh5+ g6 8.
Nxg6 Bf7 9. f4 Bg7 10. O-O e6 11. f5 Qd7 12. Qh3 Bxg6 13. fxe6 Qc7 14. Be2
Ne7 15. Nd2 c5 16. Nf3 Nbc6 17. b3 a6 18. Ba3 b6 19. dxc5 bxc5 20. Bxc5 Ne5
21. Bd4 N5c6 22. Rac1 O-O 23. Nh4 Nxd4 24. cxd4 Qd6 25. Nxg6 Nxg6 26. Qf5
Rae8 27. Bg4 Ne7 28. Qf3 f5 29. Bh5 Rd8 30. Rc5 Qxe6 31. Bf7+
{Black forfeits on time}
1-0

[Event "ICCopen2017"]
[Site "Internet Chess Club"]
[Date "2017.03.26"]
[Round "7"]
[White "Wilsonpalencia"]
[Black "MDRAFE3"]
[Result "1-0"]
[ICCResult "Black resigns"]
[WhiteElo "2515"]
[BlackElo "1970"]
[Opening "Sicilian: Anderssen variation"]
[ECO "B41"]
[NIC "SI.41"]
[Time "20:17:51"]
[TimeControl "180+0"]

1. e4 c5 2. Nf3 e6 3. d4 cxd4 4. Nxd4 Nf6 5. Nc3 Nc6 6. Ndb5 Bb4 7. a3 Bxc3+
8. Nxc3 d5 9. exd5 exd5 10. Bd3 O-O 11. O-O d4 12. Ne2 Bg4 13. f3 Bh5 14.
Bg5 Qd6 15. Qd2 Bg6 16. Qf4 Qxf4 17. Nxf4 Bxd3 18. Nxd3 Nd5 19. Rfe1 Rfe8
20. Kf2 f6 21. Bd2 Kf7 22. b4 Ne5 23. Re4 Nxd3+ 24. cxd3 Nc3 25. Bxc3 dxc3
26. Rc4 Rad8 27. Rxc3 Rd7 28. Rac1 Ree7 29. R1c2 g5 30. Re2 Rxe2+ 31. Kxe2
Ke6 32. Ke3 f5 33. Rc8 Kf6 34. d4 Ke6 35. Re8+ Kf6 36. g3 Rc7 37. d5 Rc3+
38. Kd4 Rxa3 39. Re6+ Kf7 40. f4 gxf4 41. gxf4 Rb3 42. Ke5 Rxb4 43. Rf6+ Ke7
44. Rh6 Re4+ 45. Kxf5 Re2 46. h4 a5 47. Rxh7+ Kd6 48. Rxb7 Kxd5 49. Ra7 Ra2
50. h5 Kc5 51. h6 Kb6 52. Ra8 Rh2 53. Kg6 Kb7 54. Rxa5 Kc7 55. Rh5 Rg2+ 56.
Kf5 Rg8 57. h7 {Black resigns} 1-0

[Event "ICCopen2017"]
[Site "Internet Chess Club"]
[Date "2017.03.26"]
[Round "7"]
[White "anakinnn"]
[Black "Cramagica"]
[Result "1-0"]
[ICCResult "Black forfeits on time"]
[WhiteElo "1218"]
[BlackElo "1076"]
[Opening "KP: Nimzovich defense"]
[ECO "B00"]
[NIC "VO.05"]
[Time "20:18:03"]
[TimeControl "180+0"]

1. e4 Nc6 2. Nf3 Nf6 3. Nc3 e6 4. e5 Ng8 5. d4 Bb4 6. a3 Ba5 7. b4 Bb6 8.
Be3 Nge7 9. Ne4 d6 10. c4 a6 11. c5 dxc5 12. dxc5 Qxd1+ 13. Rxd1 Ba7 14. Bc4
O-O 15. O-O Nf5 16. Bg5 h6 17. Bd2 b5 18. Bb3 Bb7 19. Bc3 Rad8 20. Rd2 f6
21. exf6 gxf6 22. Rfd1 Rxd2 23. Rxd2 Kf7 24. Rd7+ Ke8 25. Rxc7 Rf7 26. Nxf6+
Kf8 27. Nd7+ Ke8 28. Bxe6 Bb8 29. Bxf7+ Kxf7 30. Rxb7 Ke6 31. Nf8+ Kd5 32.
Nd7 Kc4 33. Bf6 Nfd4 34. Bxd4 {Black forfeits on time} 1-0

[Event "ICCopen2017"]
[Site "Internet Chess Club"]
[Date "2017.03.26"]
[Round "7"]
[White "Voltage"]
[Black "DropZone"]
[Result "1-0"]
[ICCResult "Black forfeits on time"]
[WhiteElo "2458"]
[BlackElo "2095"]
[Opening "Old Benoni defense"]
[ECO "A43"]
[NIC "OI.09"]
[Time "20:18:12"]
[TimeControl "180+0"]

1. d4 c5 2. c4 cxd4 3. Qxd4 Nf6 4. Nf3 e6 5. Nc3 a6 6. e4 d6 7. Be2 Nbd7 8.
O-O Be7 9. h3 b6 10. Be3 Bb7 11. Rfd1 O-O 12. Rac1 Rc8 13. b3 Qc7 14. Nd2
Rfe8 15. Qd3 Nc5 16. Qb1 Qb8 17. f3 Bd8 18. Bf2 Bc7 19. Bf1 d5 20. b4 Ncd7
21. cxd5 exd5 22. exd5 Nxd5 23. Nxd5 Bxd5 24. Ne4 Qb7 25. Qd3 Bxe4 26. fxe4
Nf6 27. Qxa6 Qxe4 28. Re1 Qf4 29. g3 Qd6 30. Qd3 Rxe1 31. Rxe1 Qxd3 32. Bxd3
Rd8 33. Rd1 g6 34. Be2 Rxd1+ 35. Bxd1 Ne4 36. Kg2 Nxf2 37. Kxf2 Kf8 38. Kf3
Ke7 39. g4 Kd6 40. Bb3 f6 41. Ke4 g5 42. Kf5 Ke7 43. Bd5 Bd6 44. a3 Bc7 45.
Bg8 Bd6 46. Bxh7 Bc7 47. Bg8 Bd6 48. Bc4 Bc7 49. a4 Bd6 50. a5
{Black forfeits on time}
1-0

[Event "ICCopen2017"]
[Site "Internet Chess Club"]
[Date "2017.03.26"]
[Round "7"]
[White "bennywins"]
[Black "Chaos23"]
[Result "0-1"]
[ICCResult "White checkmated"]
[WhiteElo "1508"]
[BlackElo "1847"]
[Opening "Robatsch defense: two knights variation"]
[ECO "B06"]
[NIC "KF.06"]
[Time "20:18:49"]
[TimeControl "180+0"]

1. e4 g6 2. Nf3 Bg7 3. d4 d6 4. Nc3 a6 5. Be3 b5 6. Be2 Bb7 7. O-O Nd7 8. a3
Ngf6 9. e5 Ne4 10. exd6 cxd6 11. Nxe4 Bxe4 12. Bd3 Bb7 13. c3 O-O 14. Re1 e5
15. dxe5 dxe5 16. Qd2 e4 17. Bxe4 Bxe4 18. Bg5 f6 19. Rxe4 fxg5 20. Rd1 Nf6
21. Qc2 Qc7 22. Qb3+ Kh8 23. Re3 Rad8 24. Rde1 Nd5 25. Rd3 Qc4 26. Qd1 h6
27. Nd4 Rde8 28. Ne6 Rxe6 29. Rxe6 Nf4 30. Rd4 Bxd4 31. cxd4 Qxe6 32. d5
Qxd5 33. Qc1 Qxg2# {White checkmated} 0-1

[Event "ICCopen2017"]
[Site "Internet Chess Club"]
[Date "2017.03.26"]
[Round "7"]
[White "cheslikeyomama"]
[Black "Radar777"]
[Result "1-0"]
[ICCResult "Black resigns"]
[WhiteElo "1531"]
[BlackElo "1341"]
[Opening "Queen's pawn game"]
[ECO "D00"]
[NIC "QP.08"]
[Time "20:18:11"]
[TimeControl "180+0"]

1. d4 d5 2. e3 Nf6 3. f4 a6 4. Nf3 Bg4 5. Bd3 Bxf3 6. Qxf3 Nbd7 7. Nd2 c5 8.
c3 cxd4 9. exd4 e6 10. g4 Bd6 11. g5 Ng8 12. h4 Qc7 13. O-O h6 14. Qg4 hxg5
15. fxg5 Bh2+ 16. Kh1 Bg3 17. Nf3 f5 18. gxf6 Ngxf6 19. Qxe6+ Kd8 20. Bg5
Bf4 21. Bxf6+ Nxf6 22. Kg2 Re8 23. Qf5 Bh6 24. Ne5 Qd6 {Black resigns} 1-0

[Event "ICCopen2017"]
[Site "Internet Chess Club"]
[Date "2017.03.26"]
[Round "7"]
[White "lexa"]
[Black "hecan58"]
[Result "0-1"]
[ICCResult "White forfeits on time"]
[WhiteElo "1924"]
[BlackElo "1628"]
[Opening "Scandinavian defense"]
[ECO "B01"]
[NIC "SD.03"]
[Time "20:17:23"]
[TimeControl "180+0"]

1. e4 d5 2. exd5 Nf6 3. Nf3 Nxd5 4. d4 Nc6 5. c4 Nb6 6. d5 Nb4 7. a3 Na6 8.
b4 e6 9. Nc3 Be7 10. Be2 O-O 11. O-O Bf6 12. Bb2 exd5 13. cxd5 Nxd5 14. Qxd5
Qxd5 15. Nxd5 Bxb2 16. Ra2 Bf6 17. Bxa6 bxa6 18. Nxc7 Rb8 19. Rc2 Bf5 20.
Rc6 Rbc8 21. Rfc1 Bb2 22. R1c5 Be4 23. Rxa6 Rfd8 24. h3 Rd1+ 25. Kh2 Bxf3
26. gxf3 Rxc7 27. Rxc7 Be5+ 28. Kg2 Bxc7 29. Rxa7 Rd7 30. b5 Re7 31. b6 Bd8
32. Rxe7 Bxe7 33. a4 Bc5 34. a5 Kf8 35. f4 Ke8 36. Kf3 Kd7 37. Ke4 Kc6 38.
f3 Kb5 39. b7 Ba7 40. Kd5 Kxa5 41. Kd6 Kb6 42. Ke7 Kxb7 43. Kxf7 Bd4 44. f5
h6 45. f4 Bf6 {White forfeits on time} 0-1

[Event "ICCopen2017"]
[Site "Internet Chess Club"]
[Date "2017.03.26"]
[Round "7"]
[White "shally"]
[Black "alan2015"]
[Result "1-0"]
[ICCResult "Black forfeits on time"]
[WhiteElo "1922"]
[BlackElo "1579"]
[Opening "Nimzovich-Larsen attack: symmetrical variation"]
[ECO "A01"]
[NIC "VO.08"]
[Time "20:17:25"]
[TimeControl "180+0"]

1. b3 b6 2. Bb2 Bb7 3. f4 f5 4. e3 Nf6 5. Nf3 e6 6. g3 g6 7. Bg2 Bg7 8. O-O
O-O 9. Qe2 d6 10. d3 Nbd7 11. Nbd2 Re8 12. e4 fxe4 13. Nxe4 Nxe4 14. Bxg7
Nxg3 15. hxg3 Kxg7 16. Rfe1 Qf6 17. d4 c5 18. dxc5 Nxc5 19. Rad1 Ne4 20. Ng5
Nxg3 21. Nxe6+ Kh8 22. Qg4 Bxg2 23. Kxg2 Nf5 24. Ng5 Ne3+ 25. Rxe3 Rxe3 26.
Rxd6 Qg7 27. Rd7 Re7 28. Rd2 Rae8 29. a4 h6 30. Nh3 Qc3 31. Rf2 Kh7 32. f5
Qc6+ 33. Kh2 gxf5 34. Qxf5+ Qg6 35. Qxg6+ Kxg6 36. Nf4+ Kg5 37. Kg3 Re3+ 38.
Kg2 h5 39. Nh3+ Kg4 40. Ng1 h4 41. Rf7 Rg3+ 42. Kf2 Re4 43. Rg7+ Kf4 44.
Rf7+ Ke5 45. Re7+ Kd4 46. Ne2+ Rxe2+ 47. Rxe2 Kc3 48. Kf1 Rg8 49. Kf2 Rh8
50. Kg2 h3+ 51. Kh2 Kb2 52. Rf2 Kc3 53. Re2 Kb2 54. b4 Kc3 55. a5 Kxb4 56.
axb6 axb6 57. Re6 b5 58. Rb6 Kc3 59. Rc6+ Kb2 60. Rc7 b4 61. Rc6 b3 62. cxb3
Kxb3 63. Rd6 {Black forfeits on time} 1-0

[Event "ICCopen2017"]
[Site "Internet Chess Club"]
[Date "2017.03.26"]
[Round "7"]
[White "Tal-Baron"]
[Black "CristianS"]
[Result "1-0"]
[ICCResult "Black resigns"]
[WhiteElo "2727"]
[BlackElo "2071"]
[Opening "King's Indian: 5.Nf3"]
[ECO "E90"]
[NIC "KI.20"]
[Time "20:17:58"]
[TimeControl "180+0"]

1. d4 Nf6 2. c4 g6 3. Nc3 Bg7 4. e4 d6 5. Nf3 O-O 6. h3 c5 7. d5 e6 8. Bd3
exd5 9. exd5 Re8+ 10. Be3 Bh6 11. O-O Bxe3 12. fxe3 Qe7 13. Kh2 Nbd7 14. Rf2
Ne5 15. Qf1 Nxd3 16. Qxd3 Qxe3 17. Qxe3 Rxe3 18. Ng5 Bf5 19. g4 Ne4 20.
Ncxe4 Bxe4 21. Nxf7 Rf8 22. Raf1 Bf3 23. Nxd6 Rf6 24. Nxb7 Rb6 25. Nxc5 Be4
26. Ne6 Rb4 {Black resigns} 1-0

[Event "ICCopen2017"]
[Site "Internet Chess Club"]
[Date "2017.03.26"]
[Round "7"]
[White "Seraphim"]
[Black "Kjaan1974"]
[Result "1-0"]
[ICCResult "Black resigns"]
[WhiteElo "1871"]
[BlackElo "1485"]
[Opening "Ruy Lopez: old Steinitz defense"]
[ECO "C62"]
[NIC "RL.02"]
[Time "20:18:42"]
[TimeControl "180+0"]

1. e4 e5 2. Nf3 Nc6 3. Bb5 d6 4. O-O Bd7 5. c3 a6 6. Ba4 b5 7. Bc2 h6 8. d4
exd4 9. cxd4 Nf6 10. Nc3 Be7 11. Re1 O-O 12. a3 Qc8 13. Bf4 Nh5 14. Be3 f5
15. e5 f4 16. Bd2 Bg4 17. h3 Bxh3 18. gxh3 Qxh3 19. Be4 Bh4 20. Bxc6 Rad8
21. Qe2 Ng3 22. fxg3 Bxg3 23. Qg2 Qh5 24. e6 Bxe1 25. Rxe1 Rf6 26. e7 Rc8
27. e8=Q+ Rxe8 28. Rxe8+ Kh7 29. Be4+ g6 30. Nd5 Rf7 31. Nxf4 Rxf4 32. Bxf4
Kg7 33. Qxg6+ Qxg6+ 34. Bxg6 Kxg6 35. Rc8 {Black resigns} 1-0

[Event "ICCopen2017"]
[Site "Internet Chess Club"]
[Date "2017.03.26"]
[Round "7"]
[White "Kusox"]
[Black "MasterMind"]
[Result "0-1"]
[ICCResult "White checkmated"]
[WhiteElo "2109"]
[BlackElo "1812"]
[Opening "Sicilian defense"]
[ECO "B40"]
[NIC "SI.43"]
[Time "20:17:44"]
[TimeControl "180+0"]

1. e4 c5 2. Nf3 e6 3. b3 b6 4. Bb2 Bb7 5. d3 Nf6 6. Nbd2 d5 7. exd5 Nxd5 8.
g3 Nc6 9. Bg2 Nf6 10. O-O Rc8 11. a4 Be7 12. Nc4 O-O 13. Nfe5 Qc7 14. Nxc6
Bxc6 15. Be5 Qb7 16. Bxc6 Qxc6 17. Bxf6 Bxf6 18. Rb1 a6 19. Qe2 b5 20. axb5
axb5 21. Ne3 Bd4 22. Ng2 c4 23. bxc4 bxc4 24. Qe4 Bf6 25. Rb7 cxd3 26. cxd3
Rfd8 27. Nf4 g6 28. Rfb1 Qxe4 29. dxe4 Be5 30. Ne2 Rd2 31. Re1 Rcc2 32. Kf1
Ra2 33. Rb3 h5 34. f4 Bc7 35. Re3 Bb6 36. Rf3 Rdc2 37. e5 Ba5 38. Nd4 Rxh2
39. Ne2 Bxe1 40. Kxe1 Rhxe2+ 41. Kd1 Rf2 42. Rxf2 Rxf2 43. Ke1 Rg2 44. g4
Rg3 45. gxh5 gxh5 46. Kf2 Rg7 47. Kf3 h4 48. Kf2 h3 49. Kf3 h2 50. f5 h1=Q+
51. Kf4 Qh4+ 52. Kf3 Rg3+ 53. Kf2 Qh2+ 54. Kf1 Rg1# {White checkmated} 0-1

[Event "ICCopen2017"]
[Site "Internet Chess Club"]
[Date "2017.03.26"]
[Round "7"]
[White "PITCHUS"]
[Black "BillietheKid"]
[Result "1-0"]
[ICCResult "Black forfeits on time"]
[WhiteElo "1726"]
[BlackElo "1435"]
[Opening "Réti: King's Indian attack (Barcza system)"]
[ECO "A07"]
[NIC "QP.09"]
[Time "20:18:17"]
[TimeControl "180+0"]

1. Nf3 d5 2. g3 Nf6 3. Bg2 c6 4. O-O Bf5 5. b3 Qc8 6. Re1 e6 7. c4 Bd6 8.
Bb2 Ne4 9. Nc3 Nxc3 10. Bxc3 O-O 11. d3 Nd7 12. Nh4 Bg4 13. h3 Bh5 14. g4
Bg6 15. Nxg6 hxg6 16. e4 Be5 17. Bxe5 Nxe5 18. f4 Nd7 19. exd5 exd5 20. cxd5
cxd5 21. Bxd5 Qc5+ 22. d4 Qxd5 23. Qd3 Nf6 24. Re5 Qd6 25. g5 Nd5 26. Rf1
Rad8 27. Qe4 Nc3 28. Qxb7 Qxd4+ 29. Kg2 Rd7 30. Qf3 Nxa2 31. h4 Qc3 32. h5
Qxf3+ 33. Rxf3 Nb4 34. hxg6 fxg6 35. Kg3 Nd3 36. Re6 Nc5 37. Rc6 Ne4+ 38.
Kg4 Nd2 39. Re3 Re8 40. Rxe8+ Kf7 41. Re2 Nxb3 42. Ra6 Nc5 43. Ra5 Ne6 44.
Rea2 Nd4 45. Rxa7 Re7 46. Rxe7+ {Black forfeits on time} 1-0

[Event "ICCopen2017"]
[Site "Internet Chess Club"]
[Date "2017.03.26"]
[Round "7"]
[White "Mad-Cobra"]
[Black "rickky20"]
[Result "0-1"]
[ICCResult "White checkmated"]
[WhiteElo "1846"]
[BlackElo "1708"]
[Opening "Torre attack (Tartakower variation)"]
[ECO "D03"]
[NIC "QP.08"]
[Time "20:18:00"]
[TimeControl "180+0"]

1. d4 d5 2. Nf3 Nf6 3. Bg5 Ne4 4. Bh4 c6 5. e3 Qb6 6. b3 Bf5 7. c3 e6 8. Bd3
Nd7 9. Qc2 Bd6 10. b4 a5 11. bxa5 Qxa5 12. O-O O-O 13. Nfd2 Nxd2 14. Nxd2
Bxd3 15. Qxd3 c5 16. f4 c4 17. Qc2 b5 18. a3 Qc7 19. Bf2 Rxa3 20. Rxa3 Bxa3
21. Ra1 Bd6 22. Rb1 Rb8 23. g3 g6 24. e4 b4 25. e5 Be7 26. cxb4 Rxb4 27.
Rxb4 Bxb4 28. Nf3 Qa5 29. Kg2 Nb6 30. h4 Qa4 31. Qb1 Qb3 32. Qa1 Ba3 33. h5
c3 34. h6 c2 35. Qf1 c1=Q 36. Qa6 Qc8 37. Qa7 Nd7 38. Qa5 Bf8 39. Qa7 Qb6
40. Qa2 Bxh6 41. Qe2 Qc4 42. Qd1 Qbb3 43. Qe1 Qcc3 44. Qe2 Qbc2 45. Qf1 Q3b2
46. Ng5 Bxg5 47. fxg5 Qe4+ 48. Kh2 Qexd4 49. Kg2 Qxe5 50. Qa6 Qe4+ 51. Kg1
Qc1+ 52. Qf1 Qxf1+ 53. Kxf1 Ne5 54. Bb6 Nd3 55. Kg1 Qf3 56. Kh2 Ne1 57. Kh3
h5 58. Bc7 Qg2+ 59. Kh4 Nf3# {White checkmated} 0-1

[Event "ICCopen2017"]
[Site "Internet Chess Club"]
[Date "2017.03.26"]
[Round "7"]
[White "nurmi"]
[Black "aplusk"]
[Result "0-1"]
[ICCResult "White forfeits on time"]
[WhiteElo "2362"]
[BlackElo "2752"]
[Opening "English opening"]
[ECO "A13"]
[NIC "EO.64"]
[Time "20:17:41"]
[TimeControl "180+0"]

1. c4 e6 2. Nc3 f5 3. g3 Nf6 4. Bg2 Bb4 5. e3 Bxc3 6. bxc3 O-O 7. d3 d6 8.
Ne2 e5 9. O-O Nc6 10. f3 e4 11. dxe4 fxe4 12. fxe4 Be6 13. Nd4 Bxc4 14. Rf2
Nd7 15. Rxf8+ Qxf8 16. Ba3 Nde5 17. Nf5 g6 18. Nd4 Qh6 19. Qd2 Rf8 20. Rb1
b6 21. Nxc6 Nxc6 22. Bf1 Bxf1 23. Rxf1 Rxf1+ 24. Kxf1 Qf8+ 25. Kg2 Ne5 26.
c4 Qf3+ 27. Kg1 Qxe4 28. Qf2 Qxc4 29. Bb2 Qxa2 30. Qc2 Qc4 31. Qf2 Qf7 32.
Qc2 a5 33. Bxe5 dxe5 34. Qc6 Qe7 35. Qd5+ Kg7 36. Kg2 a4 37. h4 a3 38. h5
gxh5 39. Qb3 h6 40. e4 Qd6 41. Qc4 Qd2+ 42. Kh3 Qd7+ 43. Kg2 b5 44. Qb3 Qd2+
45. Kh3 a2 {White forfeits on time} 0-1

[Event "ICCopen2017"]
[Site "Internet Chess Club"]
[Date "2017.03.26"]
[Round "7"]
[White "ShadowStorm"]
[Black "GYMEJR"]
[Result "1-0"]
[ICCResult "Black forfeits on time"]
[WhiteElo "1363"]
[BlackElo "1545"]
[Opening "Queen's pawn game"]
[ECO "D00"]
[NIC "QP.08"]
[Time "20:18:12"]
[TimeControl "180+0"]

1. d4 d5 2. e3 c6 3. f4 Bf5 4. Nf3 Nf6 5. Bd3 e6 6. Bxf5 exf5 7. O-O g6 8.
Nbd2 Nbd7 9. Qe2 Ne4 10. Nxe4 fxe4 11. Ne5 Bg7 12. c4 f5 13. cxd5 cxd5 14.
Qb5 Bxe5 15. fxe5 Qb6 16. Qxd5 Ke7 17. Rb1 Rac8 18. Bd2 Qc6 19. Qb3 Qb6 20.
Bb4+ Ke8 21. Qa4 Qa6 22. Qb3 Qc4 23. Rfc1 Qxb3 24. Rxc8+ Kf7 25. Rf8+ Rxf8
26. axb3 Rc8 27. Kf2 Ke6 28. Ke2 Nb6 29. Bc3 Nd5 30. Bd2 a6 31. Rc1 Rxc1 32.
Bxc1 b5 33. Bd2 b4 34. g3 a5 35. Kd1 Nb6 36. Kc2 Kd5 37. Kb1 Nd7 38. Kc2 Nb6
39. Be1 Nd7 40. h3 g5 41. g4 fxg4 42. hxg4 Nf8 43. Bg3 Ne6 44. Kd2 Nc7 45.
Ke2 Nb5 46. Kf2 Nc7 47. Kg2 Ne6 48. Be1 Nf8 49. Kg3 Ng6 50. Bd2 h6 51. Bc1
Ne7 52. Kf2 Nc6 53. Kg3 Na7 54. Bd2 Nb5 55. Kf2 Nc7 56. Ke2 Ne6 57. Bc1 Ng7
58. Bd2 h5 59. Bc1 h4 60. Kf2 Ne6 61. Kg2 Nc7 62. Kh3 Ke6 63. Bd2 Nd5 64.
Be1 Nxe3 65. Bf2 Nd5 66. Be1 e3 67. Kg2 Nf4+ 68. Kf3 e2 69. Kf2 Kd5 70. Bd2
h3 71. Be1 h2 72. Bd2 {Black forfeits on time} 1-0

[Event "ICCopen2017"]
[Site "Internet Chess Club"]
[Date "2017.03.26"]
[Round "7"]
[White "gibert"]
[Black "tonychess2014"]
[Result "0-1"]
[ICCResult "White resigns"]
[WhiteElo "1501"]
[BlackElo "1783"]
[Opening "Owen defense"]
[ECO "B00"]
[NIC "VO.01"]
[Time "20:18:18"]
[TimeControl "180+0"]

1. e4 b6 2. d4 Bb7 3. d5 e6 4. c4 exd5 5. cxd5 Nf6 6. Nc3 Bb4 7. Bd3 O-O 8.
Ne2 d6 9. O-O h6 10. Be3 Nbd7 11. a3 Bxc3 12. Nxc3 Ne5 13. Bc2 Nc4 14. Rb1
Nxe3 15. fxe3 Re8 16. Qf3 Qe7 17. Rbd1 Bc8 18. h3 Qe5 19. Qf4 Qxf4 20. exf4
Ba6 21. Rfe1 Nh5 22. f5 Nf6 23. Kf2 Re5 24. Re3 Rae8 25. Rde1 Bb7 26. g4 c6
27. dxc6 Bxc6 28. Kf3 Nh7 29. h4 Nf6 30. b4 Nd7 31. Nd5 Bxd5 32. exd5 Rxe3+
33. Rxe3 Rxe3+ 34. Kxe3 Ne5 35. Kf4 f6 36. g5 hxg5+ 37. hxg5 fxg5+ 38. Kxg5
Kf7 39. Kf4 Nc4 40. a4 Kf6 41. Bd3 Nb2 42. Bb5 Nd1 43. a5 bxa5 44. bxa5 Nc3
45. Bc6 Ne2+ 46. Ke3 Ng3 47. Bd7 Nxf5+ 48. Bxf5 Kxf5 49. Kf3 Ke5 {White
resigns} 0-1

[Event "ICCopen2017"]
[Site "Internet Chess Club"]
[Date "2017.03.26"]
[Round "7"]
[White "A4-H5"]
[Black "jps7"]
[Result "0-1"]
[ICCResult "White checkmated"]
[WhiteElo "1727"]
[BlackElo "1564"]
[Opening "Queen's pawn game"]
[ECO "D02"]
[NIC "QP.08"]
[Time "20:17:36"]
[TimeControl "180+0"]

1. d4 d5 2. Nf3 e6 3. Bg5 Nf6 4. e3 Be7 5. Bd3 O-O 6. O-O Nbd7 7. c4 h6 8.
Bh4 b6 9. Nc3 Bb7 10. cxd5 exd5 11. Rc1 Rc8 12. Bb1 Ne4 13. Bxe7 Qxe7 14.
Qd3 f5 15. Qb5 a6 16. Nxd5 Qd6 17. Qb4 Bxd5 18. Qa4 b5 19. Qd1 Bc4 20. Re1
Ndf6 21. b3 Bd5 22. Ne5 c6 23. f3 Ng5 24. Qd2 Nf7 25. Nd3 Qd7 26. Nc5 Qa7
27. Bxf5 Rcd8 28. e4 Nd6 29. Be6+ Bxe6 30. Nxe6 Rde8 31. Nxf8 Rxf8 32. e5
Nf5 33. exf6 Nxd4 34. Kh1 Rxf6 35. Qe3 Re6 36. Qf2 Rxe1+ 37. Rxe1 c5 38.
Re8+ Kf7 39. Qe3 Qd7 40. Re5 Nf5 41. h4 Nxe3 42. Rxe3 Qd1+ 43. Kh2 Qd2 44.
Re4 Qxa2 45. Rf4+ Kg8 46. Re4 Qxb3 47. h5 c4 48. Re8+ Kh7 49. Rd8 c3 50. Rc8
c2 51. g4 Qb2 52. Kg3 c1=Q 53. Rxc1 Qxc1 54. f4 Qg1+ 55. Kh4 Qf2+ 56. Kh3
Qxf4 57. Kh4 b4 58. Kh3 b3 59. g5 b2 60. g6+ Kg8 61. Kg2 b1=Q 62. Kh3 Qd3+
63. Kg2 Qfd2+ 64. Kg1 Qb1# {White checkmated} 0-1

[Event "ICCopen2017"]
[Site "Internet Chess Club"]
[Date "2017.03.26"]
[Round "7"]
[White "Soulbrother"]
[Black "see101"]
[Result "0-1"]
[ICCResult "White checkmated"]
[WhiteElo "1352"]
[BlackElo "1401"]
[Opening "Sicilian defense"]
[ECO "B20"]
[NIC "SI.48"]
[Time "20:17:59"]
[TimeControl "180+0"]

1. e4 c5 2. d3 d6 3. Nf3 Nc6 4. Be2 Nf6 5. Be3 e6 6. O-O Be7 7. Nbd2 Bd7 8.
c3 O-O 9. d4 cxd4 10. Nxd4 a6 11. N2f3 Rc8 12. Rc1 Nxe4 13. Bd3 Nf6 14. Bg5
h6 15. Be3 Na5 16. Qd2 Nc4 17. Bxc4 Rxc4 18. Bxh6 Ng4 19. Be3 Nxe3 20. fxe3
f5 21. Qe2 Rc5 22. b4 Rc8 23. Nd2 e5 24. N4f3 Bb5 25. c4 Bd7 26. Ne1 f4 27.
Qh5 fxe3 28. Ne4 Rxf1+ 29. Kxf1 Qf8+ 30. Kg1 Qf5 31. Qxf5 Bxf5 32. Ng3 Bg4
33. h3 Be6 34. Nf3 Rf8 35. Ne1 d5 36. c5 Bd7 37. Nh5 g6 38. Ng3 Kg7 39. Nf3
e4 40. Ne5 Bf5 41. Nxf5+ gxf5 42. Re1 d4 43. c6 bxc6 44. Nxc6 Bf6 45. a4 Bg5
46. Ne5 d3 47. Nc4 d2 48. Nxd2 exd2 49. Rd1 e3 50. Kf1 Re8 51. Ke2 f4 52. b5
axb5 53. axb5 Bd8 54. Rb1 Bb6 55. Rb4 Rd8 56. Rxf4 d1=Q# {White checkmated}
0-1